 Dungeon Crawl Stone Soup version 0.30-a0-297-g0ec75d9ef4 (webtiles) character file.

Game seed: 5620647607363512074

573 lunkers the Magician (level 7, -8/52 HPs)
             Began as a Meteoran Wanderer on Oct 20, 2022.
             Was an Initiate of Uskayaw.
             Mangled by a fire elemental (10 damage)
             ... created by the fiery vengeance of Ignis
             ... on level 5 of the Dungeon.
             The game lasted 00:04:59 (1760 turns).

lunkers the Magician (Meteoran Wanderer)            Turns: 1760, Time: 00:04:59

Health: -8/52      AC: 16    Str: 18    XL:     7   Next: 92%
Magic:  9/17       EV:  9    Int: 20    God:    Uskayaw [......]
Gold:   122        SH:  0    Dex: 13    Spells: 18/19 levels left

rFire   . . .      SeeInvis +    b - +2 dagger (venom)
rCold   . . .      Faith    .    (no shield)
rNeg    . . .      Spirit   .    u - +5 scale mail "Waacun" {rPois rF+ Int+8 Slay-2}
rPois   +          Reflect  .    o - +2 helmet
rElec   .          Harm     .    (no cloak)
rCorr   +          Rampage  .    l - +1 pair of gloves
Will    .....                    (no boots)
Stlth   ..........               (no amulet)
HPRegen 0.28/turn                x - ring of see invisible
MPRegen 0.15/turn                w - ring of resist corrosion

@: glowing, fire susceptible
A: sense surroundings 1, otherworldly, glowing, explore regen
a: Renounce Religion


You were on level 5 of the Dungeon.
You worshipped Uskayaw.
Uskayaw was noncommittal.
You visited 1 branch of the dungeon, and saw 7 of its levels.

You collected 182 gold pieces.
You spent 60 gold pieces at shops.

Inventory:

Hand Weapons
 a - a +1 short sword of holy wrath
 b - a +2 dagger of venom (weapon)
 h - a +0 short sword of venom
 n - a +0 hand axe
Missiles
 s - 3 javelins
 t - 3 poisoned darts
Armour
 l - a +1 pair of gloves (worn)
 o - a +2 helmet (worn)
 u - the +5 scale mail "Waacun" (worn) {rPois rF+ Int+8 Slay-2}
   (You found it on level 6 of the Dungeon)

   Int:       It affects your intelligence (+8).
   Slay:      It affects your accuracy & damage with ranged weapons and melee
   (-2).
   rF:        It protects you from fire.
   rPois:     It protects you from poison.
Jewellery
 j - a ring of fire
 w - a ring of resist corrosion (right hand)
 x - a ring of see invisible (left hand)
Scrolls
 f - a scroll of teleportation
 i - 3 scrolls of immolation
Potions
 c - 2 potions of brilliance
 d - 2 potions of haste
 g - a potion of mutation {unknown}
 k - a potion of attraction {unknown}
 m - a potion of might
 p - 2 potions of curing
 q - a potion of magic {unknown}
 r - a potion of heal wounds
 v - a potion of cancellation {unknown}


   Skills:
 - Level 1.1 Fighting
 * Level 6.6 Short Blades
 - Level 3.0 Axes
 - Level 2.4 Armour
 - Level 6.6 Spellcasting
 + Level 4.5 Invocations


You had 18 spell levels left.
You knew the following spells:

 Your Spells              Type           Power      Damage    Failure   Level
p - Sting                 Tmut/Pois      24%        1d4       32%         1

Your spell library contained the following spells:

 Spells                   Type           Power      Damage    Failure   Level
 Magic Dart               Conj           24%        1d4       32%         1
 Call Imp                 Summ           6%         N/A       43%         2
 Inner Flame              Hex/Fire       6%         N/A       67%         3
 Mephitic Cloud           Conj/Pois/Air  6%         N/A       67%         3
 Stone Arrow              Conj/Erth      12%        3d7       67%         3
 Tukima's Dance           Hex            6%         N/A       67%         3


Dungeon Overview and Level Annotations

Branches:
Dungeon (7/15) Zot: 2477
 Temple: D:4-7

Altars:
Uskayaw
Ignis

Shops:
D:1 [   D:3 [!


Innate Abilities, Weirdness & Mutations

You passively map a small area around you.
You are easily found by Zot.
You glow in the dark.
You regain HP and MP as you explore.


Message History

You hit the orc but do no damage.
The orc looks as sick as possible!
The orc hits you but does no damage. The orc barely misses you.
Ignis wails with rage, and rains down burning fury! 3 fire elementals come into view.
You hit the orc but do no damage.
The orc looks as sick as possible!
The orc is heavily wounded.
You hit the orc but do no damage.
The orc looks as sick as possible!
The orc is heavily wounded.
The orc hits you but does no damage. x2
You hit the orc but do no damage.
The orc looks as sick as possible!
The orc is heavily wounded.
The fire elemental hits you. The fire elemental burns you!
* * * LOW HITPOINT WARNING * * *
The orc hits you but does no damage.
The orc hits you with a +2 vorpal falchion.
* * * LOW HITPOINT WARNING * * *
* * * LOW HITPOINT WARNING * * *
You stomp with the beat, sending a shockwave through the revellers around you!
The fire elemental is heavily damaged.
You kill the orc!
The fire elemental is moderately damaged.
You kill the orc!
You can no longer stomp with the beat.
The fire elemental barely misses you. The fire elemental hits you.
* * * LOW HITPOINT WARNING * * *
The fire elemental burns you!
* * * LOW HITPOINT WARNING * * *
The fire elemental hits you. The fire elemental burns you!
* * * LOW HITPOINT WARNING * * *
The fire elemental barely misses you. x2
You can now stomp with the beat.
You stomp with the beat, sending a shockwave through the revellers around you!
The fire elemental is severely damaged.
The fire elemental is moderately damaged.
The fire elemental is heavily damaged.
You can no longer stomp with the beat.
The fire elemental hits you. The fire elemental burns you!
* * * LOW HITPOINT WARNING * * *
The fire elemental hits you. The fire elemental burns you!
You die...

#.................. ,
.#*###..................
,
..##....................
.........)...##.........
........#####..)...... ,
....##...###).#.#.... ,
,#..#.......))### ... ,
#○)#..#.)..#.# , *
#☼E@E.##.###..., ,
......E#..#### ..#<..,
#....°###...# ..##....
..##.. #........>,.##. .
#., *#####.#.#. ,. , , *
#. , , *#* . * # # * , *
,, * , , ,


You could see 3 fire elementals.

Vanquished Creatures
  A black bear (D:5)
  A phantom (D:5)
  A bullfrog (D:6)
  A scorpion (D:7)
  A howler monkey (D:5)
  A gnoll bouda (D:5)
  An iguana (D:5)
  Robin (D:3)
  9 gnolls
  A worm (D:5)
  4 dart slugs
  13 orcs
  3 ball pythons
  3 bats
  4 endoplasms
  2 giant cockroaches
  13 goblins
  7 hobgoblins
  2 jackals (D:1)
  A quokka (D:1)
  2 frilled lizards
  7 kobolds
  6 rats
85 creatures vanquished.

Notes
Turn   | Place    | Note
-------+----------+-------------------------------------------
     0 | D:1      | lunkers the Meteoran Wanderer began the quest for the Orb.
     0 | D:1      | lunkers set off with the following items: a +0 hand axe, a
                  | +0 scale mail, a potion of brilliance; and the following
                  | spell memorised: Sting; and the following spells available
                  | to memorise: Inner Flame, Stone Arrow, Tukima's Dance.
     0 | D:1      | Reached XP level 1. HP: 16/16 MP: 9/9
    56 | D:1      | Reached XP level 2. HP: 23/23 MP: 6/10
   146 | D:1      | Reached XP level 3. HP: 28/28 MP: 7/12
   154 | D:1      | Found Kain's Armour Shop.
   185 | D:1      | Reached skill level 1 in Short Blades
   209 | D:1      | Found a faded altar of an unknown god.
   219 | D:1      | Prayed at the altar of an unknown god.
   219 | D:1      | Became a worshipper of Ignis, the Dying Flame
   498 | D:1      | Glimpsed the power of Zot.
   569 | D:2      | Found a hide-covered altar of Uskayaw.
   634 | D:2      | Fell from the grace of Ignis
   634 | D:2      | Became a worshipper of Uskayaw the Reveller
   674 | D:2      | Reached * piety under Uskayaw
   710 | D:2      | Reached XP level 4. HP: 35/35 MP: 10/13
  1015 | D:3      | Noticed Robin
  1102 | D:3      | Reached ** piety under Uskayaw
  1104 | D:3      | Killed Robin
  1124 | D:3      | Found Wuycuhug's Armour Shoppe.
  1197 | D:3      | Reached XP level 5. HP: 40/40 MP: 13/15
  1210 | D:3      | Reached *** piety under Uskayaw
  1252 | D:3      | Found Xuiliys's Distillery.
  1272 | D:3      | Bought a potion of heal wounds for 60 gold pieces
  1380 | D:4      | You fall into a shaft and drop 3 floors!
  1396 | D:7      | Reached skill level 1 in Invocations
  1400 | D:7      | Noticed an orc warrior
  1406 | D:7      | Noticed a black bear
  1433 | D:7      | Noticed a kobold brigand
  1502 | D:6      | Noticed a bullfrog
  1514 | D:6      | Killed a bullfrog
  1515 | D:6      | Reached XP level 6. HP: 42/47 MP: 14/16
  1534 | D:6      | Reached skill level 5 in Short Blades
  1551 | D:6      | Identified the +5 scale mail "Waacun" {rPois rF+ Int+8
                  | Slay-2}
  1598 | D:5      | Entered Level 5 of the Dungeon
  1625 | D:5      | Noticed a black bear
  1627 | D:5      | Reached XP level 7. HP: 52/52 MP: 17/17
  1756 | D:5      | Noticed a fire elemental
  1756 | D:5      | Noticed a fire elemental
  1756 | D:5      | Noticed a fire elemental
  1760 | D:5      | HP: 2/52 [fire elemental[the fiery vengeance of Ignis] (5)]
  1760 | D:5      | Mangled by a fire elemental

Illustrated notes

Levels and vault maps discovered:
D:1:      lemuel_arrival_tunnels, layout_basic, basic_ecumenical_altar,
          serial_shops, nicolae_diamond_shop, corexii_item_surrounded_by_moat,
          minmay_misc_feat_rows
D:2:      layout_basic, basic_altar, uniq_crazy_yiuf_cottage
D:3:      layout_rooms, serial_shops, nicolae_shop_waterfront,
          nicolae_shop_waterfront, nicolae_shop_behind_doors, uniq_robin
D:4:      layout_loops_ring, lemuel_tele_altar, gammafunk_ghost_gnarly_gnolls,
          minmay_statues_item, grunt_tough_drop
D:5:      layout_cave_pools
D:6:      layout_rooms, minmay_temple_entry_glass, nicolae_underground_beach,
          uniq_duvessa
D:7:      layout_rooms, okawaru_gym_becter, mainiacjoe_overflow_large_starburst

Skill      XL: |  1  2  3  4  5  6  7 |
---------------+----------------------+-----
Axes           | 2 3 |  3.0
Short Blades   | 2 3 4 5 6 |  6.6
Invocations    | 2 3 4 |  4.5
Fighting       | |  1.1
Armour         | |  2.4
Spellcasting   | |  6.6

Action                   |  1- 3 |  4- 6 |  7- 9 || total
-------------------------+-------+-------+-------++-------
Melee: Hand axe          |    24 |       |       ||    24
       Dagger            |    34 |   123 |    55 ||   212
       Short sword       |       |     9 |       ||     9
       Punch             |       |       |     1 ||     1
Throw: Javelin           |       |     2 |       ||     2
 Cast: Sting             |    25 |    13 |     8 ||    46
Invok: Stomp             |       |       |     5 ||     5
  Use: Scroll            |       |     5 |       ||     5
 Stab: Paralysed         |       |     2 |       ||     2
Armor: Scale mail        |    32 |    75 |    64 ||   171
Dodge: Dodged            |    20 |    49 |    37 ||   106

Table legend: (Time is in decaauts)
 A = Elapsed time spent in this place.
 B = Non-inter-level travel time spent in this place.
 C = Inter-level travel time spent in this place.
 D = Time resting spent in this place.
 E = Time spent auto-exploring this place.
 F = Levels seen in this place.
 G = Mean time per level.
                   A        B        C        D        E       F      G
               +--------+--------+--------+--------+--------+-----+--------+
         Total |   1720 |   1683 |     37 |      0 |   1020 |   7 |  245.7 |
       Dungeon |   1720 |   1683 |     37 |      0 |   1020 |   7 |  245.7 |
               +--------+--------+--------+--------+--------+-----+--------+

Top non-repeatable levels by time:
     D:1: 510 daAuts
     D:2: 492 daAuts
     D:3: 298 daAuts
     D:6: 149 daAuts
     D:5: 137 daAuts
     D:4: 73 daAuts
     D:7: 59 daAuts
